[Event "LTU-chT 2019"]
[Site "Lithuania"]
[Date "2019.03.31"]
[Round "5.10"]
[White "Gaizauskaite, Ginte"]
[Black "Stremavicius, Pijus"]
[Result "0-1"]
[ECO "A45"]
[WhiteElo "1852"]
[BlackElo "2082"]
[Annotator "NA"]
[PlyCount "66"]
[EventDate "2019.01.26"]
[EventType "team-tourn"]
[EventCountry "LTU"]
[SourceTitle "playchess.com"]
[Source "ChessBase"]
[SourceQuality "1"]
[TimeControl "40/5400+30:1800+30"]

1. d4 Nf6 2. g3 d5 3. Nf3 e6 4. c4 dxc4 5. Qa4+ Nbd7 6. Ne5 {[%emt 0:02:31] E01: Catalan: Early deviations} (6. Bg2 $11 {remains equal.} a6 7. Nc3 Rb8 8. Qxc4 b5 9. Qd3 Bb7 10. Bf4 Rc8 11. O-O c5 12. dxc5 Bxc5 13. Ne5 Bxg2 14. Kxg2 Nxe5 15. Qxd8+ Kxd8 16. Bxe5 Ke7 17. Rfd1 Ng4 18. Bxg7 Nxf2 19. Bxh8 Nxd1 20. Rxd1 Rxh8 {½-½ (40) Grachev,B (2650)-Khismatullin,D (2639) Moscow 2017}) 6... c5 7. Be3 $146 ({Predecessor:} 7. Nxc4 a6 8. Bg2 Be7 9. Bd2 O-O 10. Ba5 Qe8 11. Bc7 Nb8 12. Qxe8 Nxe8 {½-½ (67) Vasileva,V (1705)-Atanasova,E (1743) Plovdiv 2011}) 7... Nd5 8. Nc3 N5b6 (8... Nxe3 $17 9. fxe3 Be7) 9. Qb5 cxd4 (9... a6 $5 10. Qa5 $8 Nxe5 11. dxe5 Nd5 12. Qxd8+ Kxd8 $11) 10. Bxd4 Qc7 11. Bg2 a6 12. Qa5 Bc5 13. Nxd7 Bxd4 14. Nxb6 Bxb6 15. Qg5 Qc5 16. Qxg7 Qxf2+ 17. Kd2 Bd4 18. Qg5 Qxg2 19. Rhf1 Rf8 20. Rad1 Bd7 $19 21. Qf4 e5 22. Qh4 Bxc3+ 23. Kxc3 Qxe2 24. Qf6 Qe3+ 25. Kc2 Ba4+ 26. Kb1 Bxd1 27. Rxd1 Qe4+ 28. Kc1 c3 29. Qd6 cxb2+ 30. Kxb2 Qc6 31. Qxe5+ Qe6 32. Qa5 Qe2+ 33. Rd2 Qb5+ 0-1

[Event "LTU-chT 2019"]
[Site "Lithuania"]
[Date "2019.03.31"]
[Round "5.11"]
[White "Stauskas, Lukas"]
[Black "Indriunas, Matas"]
[Result "1-0"]
[ECO "E62"]
[WhiteElo "2357"]
[BlackElo "1908"]
[Annotator "NA"]
[PlyCount "120"]
[EventDate "2019.01.26"]
[EventType "team-tourn"]
[EventCountry "LTU"]
[SourceTitle "playchess.com"]
[Source "ChessBase"]
[SourceQuality "1"]
[TimeControl "40/5400+30:1800+30"]

1. d4 Nf6 2. c4 g6 3. Nf3 Bg7 4. g3 O-O 5. Bg2 d6 6. O-O Nc6 7. Nc3 Bf5 8. d5 Na5 {[%emt 0:00:04] LiveBook: 602 Games} 9. Nd4 Bd7 10. b3 c5 11. dxc6 Nxc6 12. Bb2 a6 13. e3 Rc8 14. Qe2 Qa5 15. Rac1 {[%emt 0:24:42] E60: King's Indian: Unusual lines and Fianchetto Variation without Nc3} (15. Rfd1 Bg4 16. f3 Bd7 17. Rac1 Rfe8 18. a3 Qb6 19. b4 Ne5 20. Nd5 Nxd5 21. cxd5 Ba4 22. Re1 Bb5 23. Nxb5 axb5 {0-1 (57) Saric,A (2540)-Gazik,V (2479) Katowice 2017}) 15... Rfe8 16. a3 Qb6 $146 ({Predecessor:} 16... Bg4 17. Qd2 Qh5 18. Nde2 Na5 19. Nf4 Nc6 20. Nfe2 Na5 21. Nf4 {½-½ (19) Parkhov,Y (2330)-Budisavljevic,L (2344) Konya 2018}) 17. Na4 Qd8 18. c5 Nxd4 19. Bxd4 Bxa4 20. bxa4 d5 21. Rfd1 e6 22. Qb2 Qe7 23. f4 Red8 24. Rb1 Rd7 25. Rd3 Ne8 26. Rb3 Rcc7 27. Rb6 f6 28. Bh3 f5 29. Bf1 g5 30. Bg2 Kf7 31. Qe2 g4 32. Qb2 h5 33. h3 Kg8 34. hxg4 hxg4 35. Kf2 Qf7 36. a5 Rxc5 37. Bxc5 (37. Bxg7 {keeps fighting.} Rdc7 38. Qb4 Nxg7 39. Rb2) 37... Bxb2 38. R6xb2 Rc7 39. Bd4 Nf6 40. Be5 Rc5 41. Rxb7 Nd7 42. Ra7 $11 Rc2+ 43. Kg1 Qh5 44. Ra8+ Kf7 45. Rh8 Qg6 46. Rb7 Ke7 47. Bf1 Rc1 48. Kf2 Rc2+ 49. Be2 Ra2 50. Bc3 Kd6 51. Rc8 Rc2 52. Bb4+ Nc5 53. Bxc5+ Rxc5 54. Rb6+ Ke7 55. Rxc5 Qh5 56. Rcc6 Qh2+ 57. Ke1 Qxg3+ 58. Kd2 d4 59. Rxe6+ Kf7 60. Bc4 Qf2+ 1-0

[Event "LTU-chT 2019"]
[Site "Lithuania"]
[Date "2019.03.31"]
[Round "5.12"]
[White "Maziukas, Kasparas"]
[Black "Narmontas, Tauras"]
[Result "1-0"]
[ECO "B03"]
[WhiteElo "1931"]
[BlackElo "2244"]
[Annotator "NA"]
[PlyCount "51"]
[EventDate "2019.01.26"]
[EventType "team-tourn"]
[EventCountry "LTU"]
[SourceTitle "playchess.com"]
[Source "ChessBase"]
[SourceQuality "1"]
[TimeControl "40/5400+30:1800+30"]

1. e4 Nf6 2. e5 Nd5 3. c4 Nb6 4. d4 d6 $1 5. exd6 cxd6 6. Nc3 g6 7. Be3 Bg7 8. Rc1 O-O 9. b3 Nc6 10. d5 Ne5 11. Nf3 Nxf3+ 12. Qxf3 Nd7 13. Qd1 f5 14. f4 g5 15. g3 gxf4 16. Bxf4 b5 17. Nxb5 $16 Nc5 18. Qc2 e5 19. dxe6 Bb7 20. Bg2 Bxg2 21. Qxg2 Nd3+ 22. Kd2 Nxc1 23. Rxc1 Qb6 24. e7 Rfe8 25. Qd5+ Kh8 26. Nxd6 1-0

[Event "LTU-chT 2019"]
[Site "Lithuania"]
[Date "2019.03.31"]
[Round "5.13"]
[White "Dubovikas, Tomas"]
[Black "Likatavicius, Rapolas"]
[Result "1/2-1/2"]
[ECO "B28"]
[WhiteElo "2171"]
[BlackElo "1769"]
[Annotator "NA"]
[PlyCount "36"]
[EventDate "2019.01.26"]
[EventType "team-tourn"]
[EventCountry "LTU"]
[SourceTitle "playchess.com"]
[Source "ChessBase"]
[SourceQuality "1"]
[TimeControl "40/5400+30:1800+30"]

1. e4 c5 2. Nf3 a6 3. d4 cxd4 4. Nxd4 Nf6 5. Nc3 {[%emt 0:00:07] LiveBook: 189 Games} e5 6. Nb3 Bb4 7. Bg5 h6 8. Bxf6 Bxc3+ 9. bxc3 Qxf6 10. Bc4 d6 11. Bd5 Nc6 $11 12. Qd3 O-O 13. Nd2 Ne7 14. c4 Nxd5 15. cxd5 Qg6 16. O-O f5 17. f3 b5 18. a4 Bd7 1/2-1/2

[Event "LTU-chT 2019"]
[Site "Lithuania"]
[Date "2019.03.31"]
[Round "5.14"]
[White "Dailidenas, Justas"]
[Black "Muningis, Paulius"]
[Result "0-1"]
[ECO "B32"]
[WhiteElo "1658"]
[BlackElo "2146"]
[Annotator "NA"]
[PlyCount "70"]
[EventDate "2019.01.26"]
[EventType "team-tourn"]
[EventCountry "LTU"]
[SourceTitle "playchess.com"]
[Source "ChessBase"]
[SourceQuality "1"]
[TimeControl "40/5400+30:1800+30"]

1. e4 c5 2. Nf3 Nc6 3. d4 cxd4 4. Nxd4 e5 5. Nb5 d6 6. N1c3 a6 7. Na3 Nf6 8. Bg5 Be7 9. Bxf6 {[%emt 0:01:11] B33: Sicilian: Pelikan and Sveshnikov Variations} (9. Nc4 Nd4 10. Bxf6 Bxf6 11. Nd5 O-O 12. c3 Nc6 13. Ndb6 Rb8 14. Qxd6 Be6 15. Be2 Bg5 16. Qxd8 Rfxd8 17. h4 Be7 18. b4 f5 19. exf5 Bxf5 {1-0 (42) Areshchenko,A (2655)-Bogdanovich,S (2590) Lvov 2014}) 9... gxf6 10. Nc4 f5 11. Nd5 fxe4 12. Nxe7 Kxe7 13. Qd5 $146 ({Predecessor:} 13. Qh5 b5 14. Ne3 {½-½ (14) Senkyr,M (1925)-Vanka,M (2247) Zlate Hory 2006}) 13... Be6 14. Qxe4 d5 15. Qh4+ Ke8 16. Qxd8+ Rxd8 17. Nd2 Nb4 18. Kd1 Rg8 19. g3 Ke7 20. Bg2 Rc8 21. c3 Nd3 22. Ke2 Nxb2 23. Rab1 Na4 $17 24. Rxb7+ Kf6 25. Nb1 Rb8 26. Rb3 Nc5 27. Ra3 Rb2+ 28. Nd2 Rgb8 29. Rc1 e4 30. Ke3 Nd3 31. Rf1 Ne5 32. f3 Rxd2 33. Kxd2 Nc4+ 34. Kc1 Nxa3 35. fxe4+ Ke5 0-1

[Event "LTU-chT 2019"]
[Site "Lithuania"]
[Date "2019.03.31"]
[Round "5.15"]
[White "Adomaitis, Edgaras"]
[Black "Ramanauskaite, Giedre"]
[Result "1-0"]
[ECO "A05"]
[WhiteElo "1889"]
[BlackElo "1870"]
[Annotator "NA"]
[PlyCount "61"]
[EventDate "2019.01.26"]
[EventType "team-tourn"]
[EventCountry "LTU"]
[SourceTitle "playchess.com"]
[Source "ChessBase"]
[SourceQuality "1"]
[TimeControl "40/5400+30:1800+30"]

1. Nf3 Nf6 2. d4 e6 3. g3 c5 4. Bg2 Nc6 5. O-O cxd4 {[%emt 0:03:55] LiveBook: 263 Games} 6. Nxd4 Bc5 7. Nb3 Be7 8. c4 d5 9. N1d2 {[%emt 0:04:42] E01: Catalan: Early deviations} (9. cxd5 Nxd5 10. e4 Ndb4 11. Nc3 O-O 12. Be3 Qxd1 13. Raxd1 b6 14. f4 Ba6 15. Rf2 Rad8 16. Rfd2 Rxd2 17. Rxd2 Rd8 18. Bf1 Rxd2 19. Nxd2 Bxf1 20. Kxf1 {1-0 (51) Roiz,M (2658)-Eljanov,P (2716) Netanya 2009}) 9... O-O 10. e4 $146 {[%emt 0:01:29] [#]} ({Predecessor:} 10. cxd5 $11 exd5 11. Nf3 Bg4 12. h3 Bf5 13. Be3 Re8 14. Rc1 Qd7 15. Kh2 {½-½ (31) Summermatter,D (2335)-Landenbergue,C (2405) Switzerland 1993}) 10... dxc4 (10... d4 $1 $17 11. e5 Nxe5) 11. Nxc4 e5 12. Bg5 Bg4 13. f3 Be6 14. Rc1 {[%emt 0:02:00] [#]} (14. Qxd8 $1 $11 Rfxd8 15. Rfc1) 14... b5 (14... Nb4 $1 $17 15. Qxd8 (15. Nxe5 $2 Nxa2 16. Qxd8 Bxd8 $19) 15... Rfxd8) 15. Ne3 (15. Qxd8 $1 $11 {remains equal.} Rfxd8 16. Nca5) 15... Qb6 16. Kh1 Rfd8 $15 17. Qe1 h6 18. Bxf6 Bxf6 19. Nd5 Bxd5 20. exd5 Rxd5 21. f4 Rd6 22. fxe5 Bxe5 23. Bxc6 Bxg3 24. Qxg3 Rxc6 25. Qf3 Rac8 26. Qxf7+ Kh8 27. Rce1 Qd8 28. Re7 Rg6 29. Rfe1 Kh7 30. Re8 Rf6 31. Qg8+ 1-0

[Event "LTU-chT 2019"]
[Site "Lithuania"]
[Date "2019.03.31"]
[Round "5.16"]
[White "Butvilas, Aistis"]
[Black "Zukauskas, Arnas Povilas"]
[Result "1/2-1/2"]
[ECO "E62"]
[WhiteElo "1983"]
[BlackElo "2108"]
[Annotator "NA"]
[PlyCount "105"]
[EventDate "2019.01.26"]
[EventType "team-tourn"]
[EventCountry "LTU"]
[SourceTitle "playchess.com"]
[Source "ChessBase"]
[SourceQuality "1"]
[TimeControl "40/5400+30:1800+30"]

1. d4 Nf6 2. c4 d6 3. Nf3 g6 4. g3 Bg7 5. Bg2 O-O 6. Nc3 Nc6 7. O-O {[%emt 0:00:12] LiveBook: 9504 Games} e5 8. d5 Ne7 9. e4 Ne8 10. Ne1 f5 11. Nd3 Nf6 12. Re1 {[%emt 0:07:46] E62: King's Indian: Fianchetto: 6...c6 and Panno Variation (6...Nc6) without ...a6} h6 $146 ({Predecessor:} 12... c6 13. dxc6 Nxc6 14. b3 Be6 15. Bd2 Qd7 16. Rc1 fxe4 17. Nxe4 Nxe4 18. Bxe4 Nd4 19. f3 Bf5 {1-0 (69) Ljubojevic,L (2550)-Stellwagen,D (2631) Amsterdam 2007}) 13. Rb1 g5 14. exf5 Bxf5 15. Ne4 Nxe4 16. Bxe4 Bxe4 17. Rxe4 Nf5 18. Be3 Qf6 $15 19. Qh5 Rf7 20. Re1 Bf8 21. Kh1 Ng7 22. Qg4 h5 23. Qe2 g4 24. Bd2 Qg6 25. h3 Ne8 26. hxg4 Nf6 27. gxh5 Qxe4+ 28. Qxe4 Nxe4 29. Rxe4 Rf3 30. Be3 Be7 31. Kg2 Raf8 32. Ne1 R3f7 33. Kh3 Kh7 34. g4 a6 35. Kg3 c6 36. dxc6 bxc6 37. c5 dxc5 38. g5 Bxg5 39. Bxg5 Rxf2 40. Rxe5 R2f5 41. Rxf5 Rxf5 42. Kg4 Rf2 43. Nd3 Rg2+ 44. Kf5 c4 45. Ne5 Rxb2 46. Nxc4 Rxa2 47. Ne5 a5 48. Ng4 a4 49. Nf6+ Kg7 50. h6+ Kf7 51. Bf4 Ra1 52. h7 Rh1 53. Ke4 1/2-1/2

[Event "LTU-chT 2019"]
[Site "Lithuania"]
[Date "2019.03.31"]
[Round "5.17"]
[White "Dambrauskas, Virginijus"]
[Black "Lazaravicius, Aras Jonas"]
[Result "1/2-1/2"]
[ECO "D12"]
[WhiteElo "2277"]
[BlackElo "1874"]
[Annotator "NA"]
[PlyCount "107"]
[EventDate "2019.01.26"]
[EventType "team-tourn"]
[EventCountry "LTU"]
[SourceTitle "playchess.com"]
[Source "ChessBase"]
[SourceQuality "1"]
[TimeControl "40/5400+30:1800+30"]

1. d4 d5 2. c4 c6 3. Nf3 Nf6 4. e3 Bf5 {[%emt 0:00:56] LiveBook: 6827 Games} 5. Nc3 e6 6. Nh4 Bg6 7. Be2 {[%emt 0:12:05] D12: Slav Defence: 3 Nf3 Nf6 4 e3 Bf5} (7. Nxg6 hxg6 8. Rb1 c5 9. cxd5 exd5 10. g3 Nc6 11. Bg2 Qd7 12. O-O Rd8 13. dxc5 Bxc5 14. b3 Qf5 15. Bb2 O-O {½-½ (65) Lenderman,A (2626)-Robson,R (2682) Saint Louis 2018}) 7... Be7 8. O-O O-O 9. Nxg6 hxg6 10. Qc2 Nbd7 11. Rd1 Rc8 12. e4 dxe4 13. Nxe4 Nxe4 14. Qxe4 Nf6 15. Qf3 $146 ({Predecessor:} 15. Qc2 Qc7 {1-0 (41) Alachihin,V (2261)-Golubchikov,A (1828) Uljanovsk 2015}) 15... Qc7 16. Be3 Rfd8 17. a3 a5 18. Rab1 Rd7 19. Rd3 Rcd8 20. Rbd1 b6 21. g3 Kh7 22. Bf1 c5 23. dxc5 Bxc5 24. Rxd7 Rxd7 25. Rxd7 Qxd7 26. Bxc5 bxc5 27. Qc3 Qd8 $11 28. b4 axb4 29. axb4 cxb4 30. Qxb4 Ne4 31. Qb7 f5 32. Qb2 Qd6 33. Be2 Qc5 34. Bd3 Nd6 35. Qd2 e5 36. Qe3 Nb7 37. h4 Qxe3 38. fxe3 e4 39. Bc2 Nc5 40. Kf2 g5 41. hxg5 Kg6 42. Ke1 Kxg5 43. Bd1 Kf6 44. Kd2 Ke5 45. Be2 g5 46. Kc3 g4 47. Kb4 Kd6 48. Kb5 Nd3 49. Kb6 Nc5 50. Bd1 Nd3 51. Ba4 Nc5 52. Bd1 Nd3 53. Ba4 Nc5 54. Bd1 {Kd5} 1/2-1/2

[Event "LTU-chT 2019"]
[Site "Lithuania"]
[Date "2019.03.31"]
[Round "5.18"]
[White "Aleknavicius, Andrius"]
[Black "Vaskevicius, Augustas"]
[Result "1/2-1/2"]
[ECO "A45"]
[WhiteElo "1724"]
[BlackElo "1935"]
[Annotator "NA"]
[PlyCount "81"]
[EventDate "2019.01.26"]
[EventType "team-tourn"]
[EventCountry "LTU"]
[SourceTitle "playchess.com"]
[Source "ChessBase"]
[SourceQuality "1"]
[TimeControl "40/5400+30:1800+30"]

1. d4 Nf6 2. Nc3 d5 3. Bf4 g6 4. e3 Bg7 5. h4 c5 6. Nb5 {[%emt 0:03:13] LiveBook: 35 Games} Na6 $1 7. c3 Qb6 8. a4 c4 9. b3 Be6 10. bxc4 dxc4 11. Be5 (11. Nf3 $16) 11... O-O 12. Be2 Bd5 $14 13. Bf3 Bc6 14. Rb1 Qa5 15. Qc2 Nd5 16. Bxg7 Kxg7 17. Ne2 Nac7 18. e4 Nf6 19. Nxc7 Qxc7 20. d5 Bd7 21. h5 g5 22. Ng3 h6 23. Qd2 Qe5 24. Qd4 Qxd4 25. cxd4 e6 26. dxe6 Bxe6 27. Rxb7 Rfb8 28. Rxb8 Rxb8 29. O-O g4 30. Be2 Rb4 31. Rc1 c3 32. d5 Bd7 33. Rxc3 Nxe4 34. Nxe4 Rxe4 35. Bb5 Bxb5 36. axb5 Rd4 37. Rc5 Kf6 38. Rc6+ Kg5 39. d6 Rd5 40. Rc7 Rxd6 41. Rxf7 1/2-1/2

[Event "LTU-chT 2019"]
[Site "Lithuania"]
[Date "2019.03.31"]
[Round "5.19"]
[White "Babrauskas, Darius"]
[Black "Siugzdinis, Tautvydas"]
[Result "1/2-1/2"]
[ECO "C11"]
[WhiteElo "2019"]
[BlackElo "1504"]
[Annotator "NA"]
[PlyCount "120"]
[EventDate "2019.01.26"]
[EventType "team-tourn"]
[EventCountry "LTU"]
[SourceTitle "playchess.com"]
[Source "ChessBase"]
[SourceQuality "1"]
[TimeControl "40/5400+30:1800+30"]

1. e4 e6 2. d4 d5 3. Nc3 Nf6 4. e5 Nfd7 5. f4 {[%emt 0:00:05] LiveBook: 7735 Games} c5 6. Nf3 Nc6 7. Be3 Qb6 8. Qd2 a6 {[%emt 0:08:03] C11: French: Classical System: 4 e5 and 4 Bg5 dxe4} (8... Qxb2 9. Rb1 Qa3 10. f5 a6 11. fxe6 fxe6 12. Be2 Be7 13. O-O O-O 14. Kh1 cxd4 15. Nxd4 Ndxe5 16. Rb3 Rxf1+ 17. Bxf1 {0-1 (32) Nakamura,H (2758)-Morozevich,A (2762) Reggio Emilia 2012}) 9. dxc5 (9. Rb1 $11) 9... Bxc5 (9... Qxb2 $17 10. Rb1 Qa3) 10. Bxc5 Nxc5 11. O-O-O Bd7 12. Be2 $146 ({Predecessor:} 12. Nd4 Qc7 13. Kb1 b5 14. Nxc6 Bxc6 15. Qe3 Qe7 16. Ne2 {1-0 (24) Nishimura,H (2325)-Shovunov,B (2300) Budapest 1996}) 12... O-O-O 13. Nd4 Ne4 14. Nxe4 dxe4 15. Qe3 Nxd4 16. Rxd4 Bc6 17. Rhd1 Rxd4 18. Rxd4 Rd8 19. Rxd8+ Qxd8 20. Qc5 Qh4 21. Qf8+ {[%emt 0:01:34] Double Attack} Kc7 22. Qxf7+ Kb6 23. Kd1 $11 Qxh2 24. Qxe6 Qg1+ 25. Kd2 Qd4+ 26. Ke1 e3 27. Qb3+ Ka7 28. Qc3 Qxf4 29. Qc5+ Ka8 30. c4 Qh4+ 31. Kd1 Qe4 32. Kc1 Qxg2 33. Qxe3 Qe4 34. Kd2 Qb1 35. Qc3 Qe4 36. Qe3 Qb1 37. Qc3 Qe4 38. b4 b5 39. cxb5 axb5 40. Qc5 Qf4+ 41. Kd1 Qe4 42. a3 Qb1+ 43. Kd2 Qb2+ 44. Ke3 Qxa3+ 45. Bd3 Qa7 46. Bxh7 Qxc5+ 47. bxc5 Kb7 48. Kd4 g5 49. e6 g4 50. Bg6 g3 51. Ke3 g2 52. Kf2 b4 53. e7 b3 54. Be4 Kc7 55. Bxc6 b2 56. Be4 Kd7 57. Kxg2 Kxe7 58. Kf3 Ke6 59. Ke3 b1=Q 60. Bxb1 Kd5 1/2-1/2

[Event "LTU-chT 2019"]
[Site "Lithuania"]
[Date "2019.03.31"]
[Round "5.20"]
[White "Motuza, Nedas"]
[Black "Valiunas, Rimantas"]
[Result "0-1"]
[ECO "A40"]
[WhiteElo "1294"]
[BlackElo "2064"]
[Annotator "NA"]
[PlyCount "92"]
[EventDate "2019.01.26"]
[EventType "team-tourn"]
[EventCountry "LTU"]
[SourceTitle "playchess.com"]
[Source "ChessBase"]
[SourceQuality "1"]
[TimeControl "40/5400+30:1800+30"]

1. d4 g6 2. Nf3 Bg7 3. c4 d6 4. Bf4 c5 5. e3 Qb6 6. Qd2 Nc6 7. Nc3 cxd4 8. exd4 Nxd4 9. Nxd4 Qxd4 10. Qe2 $19 (10. Qc1 $17 {was called for.}) 10... Qxf4 11. Nd5 Qe5 12. Qxe5 Bxe5 13. Nc7+ Kd8 14. Nxa8 b6 15. Be2 Bb7 16. Bf3 Bxf3 17. gxf3 Nf6 18. O-O-O Kd7 19. Nxb6+ axb6 20. h3 Rc8 21. b3 b5 22. Rhe1 Bf4+ 23. Kb1 bxc4 24. Rd4 e5 25. Rxc4 Rb8 26. Re2 d5 27. Rc5 d4 28. Rec2 Rb7 29. Rb2 Kd6 30. Rc8 Nd5 31. Rd8+ Ke6 32. Rc2 Nb4 33. Rc4 Ke7 34. Rdc8 Nd3 35. R4c7+ Rxc7 36. Rxc7+ Kd8 37. Rc2 Ne1 38. Rc5 d3 39. a4 d2 40. Rd5+ Kc7 41. b4 f5 42. b5 e4 43. a5 Nd3 44. b6+ Kc6 45. fxe4 d1=Q+ 46. Ka2 Qc2+ 0-1

[Event "LTU-chT 2019"]
[Site "Lithuania"]
[Date "2019.04.27"]
[Round "6.2"]
[White "Sulskis, Sarunas"]
[Black "Krivonosov, Oleg"]
[Result "0-1"]
[ECO "C67"]
[WhiteElo "2529"]
[BlackElo "2398"]
[Annotator "ChessBase"]
[PlyCount "154"]
[EventDate "2019.01.26"]
[EventType "team-tourn"]
[EventCountry "LTU"]
[SourceTitle "playchess.com"]
[Source "ChessBase"]
[SourceQuality "1"]
[TimeControl "40/5400+30:1800+30"]

1. e4 e5 2. Nf3 Nc6 3. Bb5 Nf6 4. O-O Nxe4 5. d4 Nd6 6. Bg5 Be7 7. Bxe7 Qxe7 8. Nxe5 Nxe5 9. Re1 O-O 10. Rxe5 Qd8 11. Bd3 Ne8 12. Qh5 h6 13. Nc3 d6 14. Re3 Nf6 15. Qh4 Re8 16. h3 Bd7 17. Rae1 Rxe3 18. Rxe3 d5 19. g4 c5 20. g5 hxg5 21. Qxg5 cxd4 22. Rg3 Ne8 23. Qxd8 Rxd8 24. Ne2 Nf6 25. Nxd4 Re8 26. Kg2 Kf8 27. Be2 Re4 28. c3 g6 29. Rd3 Bb5 30. Rd2 Bxe2 31. Nxe2 Ke7 32. f3 Ra4 33. b3 Rh4 34. Kg3 Rh8 35. Rd4 Kd6 36. Kg2 Re8 37. Kf2 Rh8 38. h4 a5 39. Ke3 b6 40. a4 Rc8 41. Kd2 Rc7 42. Nf4 Ke5 43. Nd3+ Ke6 44. b4 Rc8 45. Nc1 Nd7 46. Ne2 Nf6 47. Ke3 Ke5 48. Kd3 Nh5 49. Rg4 Nf6 50. Rd4 Nh5 51. c4 Nf6 52. bxa5 bxa5 53. Nc3 Rc5 54. f4+ Ke6 55. cxd5+ Nxd5 56. Re4+ Kf6 57. Nxd5+ Rxd5+ 58. Kc4 Rh5 59. Re1 Rxh4 60. Kb5 Rh5+ 61. Kb6 Rf5 62. Rd1 Kg7 63. Rd2 f6 64. Rd1 Kf7 65. Ka6 g5 66. fxg5 fxg5 67. Rg1 Kg6 68. Kb6 Kh5 69. Rh1+ Kg4 70. Rg1+ Kh3 71. Rh1+ Kg2 72. Rh5 Kf3 73. Rh1 g4 74. Rf1+ Ke4 75. Rg1 Kf4 76. Rf1+ Kg5 77. Rg1 Kh4 0-1

[Event "LTU-chT 2019"]
[Site "Lithuania"]
[Date "2019.04.27"]
[Round "6.3"]
[White "Sakalauskas, Vaidas"]
[Black "Starostits, Ilmars"]
[Result "1/2-1/2"]
[ECO "D85"]
[WhiteElo "2346"]
[BlackElo "2450"]
[Annotator "ChessBase"]
[PlyCount "108"]
[EventDate "2019.01.26"]
[EventType "team-tourn"]
[EventCountry "LTU"]
[SourceTitle "playchess.com"]
[Source "ChessBase"]
[SourceQuality "1"]
[TimeControl "40/5400+30:1800+30"]

1. d4 Nf6 2. c4 g6 3. Nc3 d5 4. cxd5 Nxd5 5. Bd2 Bg7 6. e4 Nb6 7. Be3 O-O 8. Be2 a5 9. Nf3 a4 10. O-O a3 11. b3 f5 12. exf5 Bxf5 13. Rc1 c6 14. Qd2 Na6 15. Rfd1 Nb4 16. Bh6 N6d5 17. Bxg7 Kxg7 18. Ne5 Qd6 19. Bf3 Nf6 20. Qe2 Qd8 21. Na4 Nfd5 22. Nc5 Bc8 23. g3 Nc7 24. Bg4 e6 25. Nc4 Nbd5 26. Qe5+ Qf6 27. Nd6 Qxe5 28. dxe5 b6 29. Nxc8 bxc5 30. Nd6 Nb4 31. Rd2 h5 32. Bh3 Rf3 33. Rxc5 Rxb3 34. axb3 a2 35. Rxa2 Rxa2 36. Rc4 Ra1+ 37. Bf1 Ncd5 38. Ne4 Nd3 39. Rxc6 Nxe5 40. Rxe6 Nf3+ 41. Kg2 Nh4+ 42. Kh3 Nf3 43. Bc4 g5 44. Kg2 g4 45. Bf1 Nh4+ 46. Kg1 Nf3+ 47. Kg2 h4 48. h3 gxh3+ 49. Kxh3 Rxf1 50. Rd6 Ne7 51. Rd7 Kf8 52. Rd8+ Kg7 53. Rd7 Kf8 54. Rd8+ Kg7 1/2-1/2

[Event "LTU-chT 2019"]
[Site "Lithuania"]
[Date "2019.04.27"]
[Round "6.4"]
[White "Tvarijonas, Tomas"]
[Black "Vedrickas, Tautvydas"]
[Result "1/2-1/2"]
[ECO "B06"]
[WhiteElo "2248"]
[BlackElo "2390"]
[Annotator "NA"]
[PlyCount "218"]
[EventDate "2019.01.26"]
[EventType "team-tourn"]
[EventCountry "LTU"]
[SourceTitle "playchess.com"]
[Source "ChessBase"]
[SourceQuality "1"]
[TimeControl "40/5400+30:1800+30"]

1. e4 g6 2. d4 Bg7 3. Nc3 d6 4. f4 a6 5. Nf3 b5 6. Bd3 Nd7 7. a4 {[%emt 0:01:10] B06: Modern Defence} c5 (7... b4 8. Ne2 c5 9. c3 Bb7 10. O-O Ngf6 11. e5 Nd5 12. Bd2 bxc3 13. bxc3 cxd4 14. cxd4 O-O {0-1 (49) Anand,V (2759)-Nakamura,H (2769) Leuven 2018}) 8. axb5 cxd4 9. Nd5 e6 $146 ({Predecessor:} 9... Ngf6 10. Nxf6+ Bxf6 11. bxa6 O-O 12. b4 Qb6 13. Qe2 Qxb4+ 14. Bd2 Qb6 {0-1 (51) Kerigan,D (2353)-Yilmazyerli,M (2443) Gebze 2016}) 10. Nb4 Ne7 11. O-O O-O 12. Qe1 Nc5 13. Qh4 Bb7 14. bxa6 Ra7 15. Bd2 Ba8 16. f5 exf5 17. exf5 Nxd3 (17... Nxf5 $16 18. Bxf5 gxf5) 18. fxg6 ({Of course not} 18. Nxd3 $6 Nxf5 19. Qxd8 Rxd8 $11) 18... Nxg6 19. Qxd8 Rxd8 20. cxd3 Ne5 21. Nxd4 Nxd3 22. Nbc6 Rc8 23. Be3 (23. Nxa7 $2 Bxd4+ 24. Kh1 Bxa7 $19) 23... Rac7 24. Na5 Re7 25. Bf2 Re4 26. Nf5 Rc2 27. Nxg7 Kxg7 28. Rad1 Rg4 29. Nb7 Ne5 30. g3 Rxb2 31. Bd4 Ra2 32. Rf4 Rg5 33. Nxd6 (33. Ra1 $16 Rd2 34. Ra3) 33... f6 (33... Kg6 $1 $11) 34. Nf5+ Kf7 35. Bxe5 fxe5 36. Rf2 Rxa6 37. h4 Rgg6 38. Rd7+ Ke6 39. Rd1 Be4 40. Ne3 Rxg3+ 41. Ng2 Raa3 42. Rd8 Ke7 43. Rdd2 Rg4 44. Kf1 Ra1+ 45. Ne1 Rxh4 46. Ke2 Bg6 47. Nc2 Ra2 48. Ne3 Bh5+ 49. Kf1 Rxd2 50. Rxd2 Ke6 51. Ra2 Bg6 52. Ra6+ Kf7 53. Kf2 Rb4 54. Ra5 Ke6 55. Ra6+ Kd7 56. Nd5 Rb3 57. Nf6+ Kd8 58. Re6 Rb4 59. Nxh7 Bxh7 60. Rxe5 Kd7 61. Rh5 Bg6 62. Rg5 Bf7 63. Rf5 Ke6 64. Ra5 Rb3 65. Ke2 Kd6 66. Kd2 Bd5 67. Ke2 Ke5 68. Kf2 Rh3 69. Rb5 Ra3 70. Rb4 Be4 71. Rb8 Kf4 72. Rf8+ Bf5 73. Re8 Ra2+ 74. Re2 Ra8 75. Re7 Rh8 76. Ke2 Rh2+ 77. Kd1 Be4 78. Kc1 Ke3 79. Re8 Rc2+ 80. Kd1 Rb2 81. Rc8 Rb1+ 82. Rc1 Rb8 83. Rc7 Rh8 84. Kc1 Rh2 85. Rc8 Kd4 86. Rd8+ Bd5 87. Kd1 Kc4 88. Ke1 Ra2 89. Kf1 Kd4 90. Rd7 Ke4 91. Rd8 Kf3 92. Ke1 Be4 93. Kd1 Ke3 94. Rc8 Ra1+ 95. Rc1 Ra8 96. Rc7 Rb8 97. Rc3+ Bd3 98. Rc7 Be4 99. Rc3+ Kd4 100. Rc7 Bd3 101. Rd7+ Kc3 102. Rc7+ Bc4 103. Kc1 Ra8 104. Rb7 Ra1+ 105. Rb1 Ra2 106. Rb8 $1 Rc2+ 107. Kd1 $11 Rf2 108. Re8 Rf1+ 109. Re1 Rf8 1/2-1/2